 Dungeon Crawl Stone Soup version 0.30-a0-1160-g6e42c06551 (webtiles) character file.

Game seed: 8946814978748932275

711 Kenran the Carver (level 7, -6/60 HPs)
             Began as a Minotaur Monk on Apr 26, 2023.
             Was a Priest of Okawaru.
             Mangled by Duvessa
             ... wielding a +0 rapier
              (12 damage)
             ... on level 5 of the Dungeon.
             The game lasted 00:09:09 (5619 turns).

Kenran the Carver (Minotaur Monk)                   Turns: 5619, Time: 00:09:09

Health: -6/60      AC:  5    Str: 15    XL:     7   Next: 40%
Magic:  6/6        EV: 12    Int:  7    God:    Okawaru [***...]
Gold:   336        SH:  0    Dex: 15    Spells: 6/6 levels left

rFire   . . .        u - +6 dagger (flame)
rCold   . . .        d - orb {light}
rNeg    . . .        v - +1 leather armour {rPois}
rPois   +            (helmet restricted)
rElec   .            k - +0 cloak
rCorr   +            (no gloves)
SInv    +            (no boots)
Will    .....        (no amulet)
Stlth   +            g - ring of resist corrosion
HPRegen 0.30/turn    i - ring of see invisible
MPRegen 0.10/turn

%: no passive effects
@: glowing
A: horns 2, retaliatory headbutt
a: Renounce Religion, Heroism


You were on level 5 of the Dungeon.
You worshipped Okawaru.
Okawaru was most pleased with you.
You visited 1 branch of the dungeon, and saw 5 of its levels.

You collected 336 gold pieces.

Inventory:

Hand Weapons
 e - a +0 whip of draining
 q - a +0 long sword
 u - a +6 dagger of flaming (weapon)
Armour
 d - an orb of light (worn)
 k - a +0 cloak (worn)
 v - a +1 leather armour of poison resistance (worn)
Jewellery
 g - a ring of resist corrosion (left hand)
 i - a ring of see invisible (right hand)
Scrolls
 b - a scroll of magic mapping
 f - 3 scrolls of enchant weapon
 j - 2 scrolls of vulnerability {!r}
 o - 2 scrolls of teleportation
Potions
 a - 3 potions of brilliance
 c - a potion of ambrosia
 h - 9 potions of curing {@q1}
 l - a potion of lignification {unknown}
 m - 2 potions of mutation {!q}
 p - a potion of might
 r - 2 potions of heal wounds {@q2}
 s - a potion of haste {unknown}
 t - a potion of berserk rage {unknown}


   Skills:
 + Level 4.9 Fighting
 - Level 10.0 Long Blades
 - Level 3.2 Dodging


You had 6 spell levels left.
You didn't know any spells.
Your spell library contained the following spells:

 Spells                   Type           Power      Damage    Failure   Level
 Sandblast                Erth           0%         2d4       50%         1
 Passwall                 Tmut/Erth      0%         N/A       65%         2
 Stone Arrow              Conj/Erth      0%         3d7       86%         3


Dungeon Overview and Level Annotations

Branches:
Dungeon (5/15)             Temple (0/1) D:4

Altars:
Ashenzari
Elyvilon
Makhleb
Okawaru
Qazlal
Trog
Wu Jian
Zin

Annotations:
D:4 exclusion: downstairs
D:5 Duvessa


Innate Abilities, Weirdness & Mutations

You have a pair of horns on your head.
You reflexively headbutt those who attack you in melee.


Message History

You hit the phantom but do no damage. Your headbutt misses the phantom.
The phantom is almost destroyed.
You hit the phantom. You burn the phantom.
You destroy the phantom!
Okawaru accepts your kill.
No target in view!
Found a spear.
m - 2 potions of mutation {!q} (gained 1) Duvessa shouts!
Duvessa goes berserk!
Duvessa hits you with a +0 rapier!
You hit Duvessa. You burn Duvessa.
Duvessa is lightly wounded.
Duvessa closely misses you.
You hit Duvessa but do no damage. Your headbutt misses Duvessa.
Duvessa is lightly wounded.
Duvessa hits you with a +0 rapier!
You hit Duvessa but do no damage. You headbutt Duvessa.
Duvessa is lightly wounded.
Duvessa hits you with a +0 rapier.
You puncture Duvessa! You burn Duvessa.
Duvessa is moderately wounded.
Duvessa hits you with a +0 rapier!
* * * LOW HITPOINT WARNING * * *
You hit Duvessa. You burn Duvessa. You headbutt Duvessa, but do no damage.
Duvessa is moderately wounded.
Duvessa misses you.
You hit Duvessa but do no damage.
Duvessa is moderately wounded.
Duvessa barely misses you.
You completely miss Duvessa. You headbutt Duvessa.
Duvessa is heavily wounded.
Duvessa closely misses you.
You hit Duvessa but do no damage. Your headbutt misses Duvessa.
Duvessa is heavily wounded.
Duvessa hits you with a +0 rapier!
* * * LOW HITPOINT WARNING * * *
You barely miss Duvessa. You headbutt Duvessa!
Duvessa is heavily wounded.
Duvessa hits you with a +0 rapier!
You die...

# #. .## ... .. ##
#####..## #. ###.###..
......
####.##.##.#.####.....
#....H...##...........
#.##e##.......###....#
#. #####.#.# #....# #.
#.#.###<.... #.
####..#.##..... #.
....###....... #.
####..#..#.#...
#....###.#...#.....
.........#####..#


You could see Duvessa (berserk).

Vanquished Creatures
  An ice beast (D:5)
  A phantom (D:5)
  3 scorpions
  Dowan (D:5)
  2 hounds
  4 iguanas
  3 gnolls (D:2)
  4 adders
  5 worms
  A dart slug (D:1)
  4 orcs (D:5)
  8 endoplasms
  3 giant cockroaches
  4 goblins (D:1)
  7 hobgoblins
  5 jackals
  4 quokkas
  8 ball pythons
  7 bats
  5 frilled lizards
  4 kobolds
  4 rats
88 creatures vanquished.

Notes
Turn   | Place    | Note
-------+----------+-------------------------------------------
     0 | D:1      | Kenran the Minotaur Monk began the quest for the Orb.
     0 | D:1      | Reached XP level 1. HP: 19/19 MP: 0/0
    86 | D:1      | Found a faded altar of an unknown god.
   118 | D:1      | Reached skill level 4 in Long Blades
   131 | D:1      | Reached XP level 2. HP: 15/26 MP: 1/1
   442 | D:1      | Reached skill level 5 in Long Blades
   484 | D:1      | Reached XP level 3. HP: 31/31 MP: 2/2
   750 | D:1      | Prayed at the altar of an unknown god.
   750 | D:1      | Became a worshipper of Warmaster Okawaru
   750 | D:1      | Reached * piety under Okawaru
   750 | D:1      | Reached ** piety under Okawaru
   987 | D:2      | Identified the +0 robe "Gufafip" {Str+5}
  1109 | D:2      | Reached skill level 6 in Long Blades
  1109 | D:2      | Reached XP level 4. HP: 17/39 MP: 3/3
  1355 | D:2      | Found a bloodstained altar of Trog.
  2138 | D:3      | Found an iron altar of Okawaru.
  2139 | D:3      | Found an ornate altar of the Wu Jian Council.
  2140 | D:3      | Found a white marble altar of Elyvilon.
  2140 | D:3      | Found a burning altar of Makhleb.
  2142 | D:3      | Found a broken altar of Ashenzari.
  2143 | D:3      | Found a glowing silver altar of Zin.
  2144 | D:3      | Found a stormy altar of Qazlal.
  2312 | D:4      | Reached *** piety under Okawaru
  2313 | D:4      | Reached skill level 7 in Long Blades
  2313 | D:4      | Reached XP level 5. HP: 45/45 MP: 4/4
  2632 | D:4      | Reached skill level 8 in Long Blades
  2632 | D:4      | Reached XP level 6. HP: 42/51 MP: 5/5
  3068 | D:4      | Found a staircase to the Ecumenical Temple.
  3165 | D:5      | Entered Level 5 of the Dungeon
  3165 | D:5      | Noticed Duvessa
  3165 | D:5      | Noticed Dowan
  3165 | D:5      | Noticed an ice beast
  3387 | D:5      | Killed an ice beast
  3388 | D:5      | Reached skill level 9 in Long Blades
  3631 | D:5      | Killed Dowan
  3846 | D:5      | Reached XP level 7. HP: 53/57 MP: 6/6
  4302 | D:4      | Found a staircase to the Ecumenical Temple.
  5048 | D:4      | Found a staircase to the Ecumenical Temple.
  5547 | D:5      | Reached skill level 10 in Long Blades
  5619 | D:5      | Mangled by Duvessa

Illustrated notes

Levels and vault maps discovered:
D:1:      lightli_arrival_maybe_door_vault, layout_basic,
          shapermc_ecumenical_altar_gd
D:2:      layout_loops_ring, basic_altar
D:3:      layout_basic, minitemple, amcnicky_mini_corridor_feature,
          nicolae_wormholes
D:4:      layout_cave_pods, minmay_temple_entry_from_below_b
D:5:      layout_loops_ring, uniq_duvessa

Skill      XL: |  1  2  3  4  5  6  7 |
---------------+----------------------+-----
Long Blades    | 4 5 6 7 8 9 10 | 10.0
Fighting       | 4 |  4.9
Dodging        | |  3.2

Action                     |  1- 3 |  4- 6 |  7- 9 || total
---------------------------+-------+-------+-------++-------
  Melee: Falchion          |    76 |    40 |       ||   116
         Headbutt          |    15 |    14 |     7 ||    36
         Long sword        |       |    53 |       ||    53
         Dagger            |       |     5 |    24 ||    29
 Invoke: Heroism           |       |     1 |       ||     1
    Use: Scroll            |     1 |    10 |       ||    11
 Armour: Robe              |     8 |       |       ||     8
         Leather armour    |       |    16 |     1 ||    17
  Dodge: Dodged            |    41 |    48 |    10 ||    99

Table legend: (Time is in decaauts)
 A = Elapsed time spent in this place.
 B = Non-inter-level travel time spent in this place.
 C = Inter-level travel time spent in this place.
 D = Time resting spent in this place.
 E = Time spent auto-exploring this place.
 F = Levels seen in this place.
 G = Mean time per level.
                   A        B        C        D        E       F      G
               +--------+--------+--------+--------+--------+-----+--------+
         Total |   5614 |   5181 |    433 |    667 |   3433 |   5 | 1122.8 |
       Dungeon |   5614 |   5181 |    433 |    667 |   3433 |   5 | 1122.8 |
               +--------+--------+--------+--------+--------+-----+--------+

Top non-repeatable levels by time:
     D:4: 2641 daAuts
     D:1: 871 daAuts
     D:5: 796 daAuts
     D:2: 791 daAuts
     D:3: 513 daAuts
